 Dungeon Crawl Stone Soup version 0.20-a0-731-gecde0bf (webtiles) character file.

13 KristoblXynda the Chopper (level 2, -1/26 HPs)
             Began as a Draconian Chaos Knight on Feb 22, 2017.
             Slain by a worker ant (7 damage)
             ... on level 4 of the Dungeon.
             The game lasted 00:00:48 (579 turns).

KristoblXynda the Chopper (Draconian Chaos Knight)   Turns: 579, Time: 00:00:49

Health: -1/26      AC:  4    Str: 14    XL:     2   Next: 24%
Magic:  2/2        EV: 12    Int: 12    God:    Xom [..*...]
Gold:   41         SH:  0    Dex: 10    Spells: 1/1 levels left

rFire    . . .     SeeInvis .   a - +0 hand axe (chaos)
rCold    . . .     Gourm    .   (armour unavailable)
rNeg     . . .     Faith    .   (no shield)
rPois    .         Spirit   .   (helmet restricted)
rElec    .         Reflect  .   (no cloak)
rCorr    .         Harm     .   (no gloves)
MR       .....                  (no boots)
Stlth    +.........             (no amulet)
Regen    0.1/turn               (no ring)
MPRegen  0.1/turn               (no ring)

@: lethally poisoned (-1 -> -6)
A: unfitting armour, cold-blooded, AC +4
a: Renounce Religion


You were on level 4 of the Dungeon.
You worshipped Xom.
You were a toy of Xom.
You were not hungry.

You visited 1 branch of the dungeon, and saw 3 of its levels.

You collected 41 gold pieces.

Inventory:

Hand Weapons
 a - a +0 hand axe of chaos (weapon)
Jewellery
 m - an uncursed ring of ice {unknown}
Scrolls
 e - a scroll of recharging {unknown}
 f - 2 scrolls of amnesia {unknown}
 h - a scroll of fog {unknown}
 i - a scroll of identify {unknown}
 j - a scroll of enchant armour {unknown}
 l - a scroll of teleportation {unknown}
Potions
 c - a potion of lignification {unknown}
 d - a potion of curing {unknown}
 g - 2 potions of mutation {unknown}
Comestibles
 b - 2 bread rations
 k - a meat ration


   Skills:
 - Level 3.2 Fighting
 + Level 3.4 Axes
 + Level 2.5 Dodging


You had one spell level left.
You didn't know any spells.

Dungeon Overview and Level Annotations

Branches:
Dungeon (2/15)

Altars:
Wu Jian


Innate Abilities, Weirdness & Mutations

Your plain brown scales are hard. (AC +4)
You cannot fit into any form of body armour.
You are cold-blooded and may be slowed by cold attacks.


Message History

You tail-slap the worker ant, but do no damage.
The worker ant is lightly wounded.
The worker ant closely misses you.
The worker ant bites you but does no damage.
You barely miss the worker ant.
The worker ant is lightly wounded.
The worker ant bites you.
You are poisoned.
The worker ant poisons you!
You hit the worker ant but do no damage.
The worker ant flickers and vanishes!
Deactivating autopickup; reactivate with Ctrl-A.
You feel sick. Something bites you. Something barely misses you.
You closely miss something.
You feel sick. Something bites you.
You barely miss something. Something bites you.
* * * LOW HITPOINT WARNING * * *
You miss something. You tail-slap something.
You feel sick. Something bites you!
You die... "I guess I need a new plaything now."

#..#####.#####
#...#>.......#
......##.###.#####
#................#
.......##.##.###.#
##.##.###.##.###.#
#.#### #.#...##.#
#+# #.#.#.##{#
#.#...##@###
#.##.......#
#........#.#
#...)...###.#
+........ .
#.##.....# ## #.
##.#..# # #.....
###..#


There were no monsters in sight!

Vanquished Creatures
  3 leopard geckos
  A ball python (D:1)
  2 hobgoblins (D:1)
  A bat (D:2)
  3 rats
10 creatures vanquished.

Notes
Turn   | Place    | Note
-------+----------+-------------------------------------------
     0 | D:1      | KristoblXynda the Draconian Chaos Knight began the quest for the Orb.
     0 | D:1      | Reached XP level 1. HP: 19/19 MP: 1/1
   132 | D:1      | XOM: silly message
   327 | D:1      | Reached XP level 2. HP: 13/26 MP: 2/2
   447 | D:2      | XOM: stealth player
   511 | D:2      | Found an ornate altar of the Wu Jian Council.
   538 | D:2      | You fall through a shaft for 2 floors!
   579 | D:4      | Slain by a worker ant

Vault maps used:
D:1:      ncdulo_watergridlock, minmay_box_of_dots
D:2:      lemuel_doored_altar, lemuel_coloured_pillars_altar, minivault_27,
          hex_large, minmay_pentomino_s2, uniq_jessica
D:4:      minmay_temple_entry_junction_2, first_bread, uniq_sigmund

Action                   || total
-------------------------++-------
Melee: Hand axe          ||    28
       Tailslap          ||     5
 Stab: Sleeping          ||     2
Armor: Skin              ||     9
Dodge: Dodged            ||    18
